cohdb
Replays
Latest Replays
All Replays
Popular Replays
Top Player Replays
Match Explorer
How It Works
Community
CoH3 Stats
Reddit
Sign in to upload your games and track your stats! →
Sign in with Steam
Match 43743182
Unlisted
Match 43743182
Overview
Messages
Build Orders
End
Panzergrenadier Squad
Selects Panzerjäger Kommand Battlegroup
Selects Mine Fields
250 Light Carrier
Panzergrenadier Squad
Construct Light Support Kompanie
2.5-tonne Medical Truck
Fire Support Elements
Vehicle Survival Package
Panzerjäger Mechanized Group
Construct Mechanized Kompanie
Selects Tank Busters
Flakvierling Half-track
MG34 Team
Tungsten Core Ammunition
StuG III D Assault Gun
18-tonne Recovery Half-track
Selects Crew Shock Tactics
Selects Early Warning
Selects Butterfly Bomb Drop
Butterfly Bomb Drop
Flakvierling Half-track
Butterfly Bomb Drop
Panzerjäger Mechanized Group
Butterfly Bomb Drop
Marder III Tank Destroyer
Construct Panzerarmee Kommand
2.5-tonne Medical Truck
Butterfly Bomb Drop
Sir Toady
matrix4x4
xxxx
夜明
LittleDOG
Vi
W呆橘子W
brightXD
0
0
Comments
sign in to comment!
No comments posted yet!